 Dungeon Crawl Stone Soup version 0.30.0-16-gbe6223bb7e (webtiles) character file.

Game seed: 10613762654494280854

770 Klatu the Chopper (level 8, -4/56 HPs)
             Began as a Djinni Fighter on May 20, 2023.
             Slain by an ice beast (18 damage)
             ... on level 5 of the Dungeon.
             The game lasted 00:24:15 (3884 turns).

Klatu the Chopper (Djinni Fighter)                  Turns: 3884, Time: 00:24:15

Health: -4/56      AC: 13    Str: 23    XL:     8   Next: 9%
Gold:   100        EV:  6    Int: 11    God:
                   SH:  0    Dex: 12

rFire   + + .        a - +0 war axe
rCold   x . .        c - +0 buckler
rNeg    . . .        u - +0 plate armour
rPois   ∞            i - +2 hat
rElec   .            (no cloak)
rCorr   .            (no gloves)
SInv    .            (boots unavailable)
Will    .....        (no amulet) Stlth
                     r - +6 ring of strength
HPRegen 0.29/turn    (no ring)
MPRegen 0.00/turn

%: infuse magic (-5 HP)
@: confused, ambrosia-drunk, flying
A: sickness immunity, fire resistance 2, cold vulnerability 1, float, innate
caster, HP casting, extra vitality 1
a: no special abilities


You were on level 5 of the Dungeon.
You visited 1 branch of the dungeon, and saw 5 of its levels.

You collected 275 gold pieces.
You spent 175 gold pieces at shops.

Inventory:

Hand Weapons
 a - a +0 war axe (weapon)
 b - the +3 sling "Jezeecru" {flame, *Slow rC+ Int+4 SInv}
   (You bought it in a shop on level 5 of the Dungeon)

   Int:       It affects your intelligence (+4).
   rC:        It protects you from cold.
   SInv:      It lets you see invisible.
   *Slow:     It may slow you when you take damage.
Missiles
 l - 6 datura-tipped darts (quivered)
 p - a throwing net
Armour
 c - a +0 buckler (worn)
 i - a +2 hat (worn)
 u - a +0 plate armour (worn)
Jewellery
 r - a +6 ring of strength (left hand)
Wands
 j - a wand of paralysis (12)
Scrolls
 f - a scroll of noise {unknown}
 g - a scroll of fear {unknown}
 h - a scroll of vulnerability {unknown}
 k - a scroll of blinking {unknown}
 m - a scroll of teleportation {unknown}
 n - 4 scrolls of brand weapon {unknown}
 q - a scroll of immolation {unknown}
 t - a scroll of acquirement {unknown}
 w - a scroll of magic mapping {unknown}
 x - a scroll of amnesia {unknown}
 y - a scroll of enchant weapon {unknown}
 A - a scroll of identify
Potions
 d - 2 potions of might
 e - a potion of invisibility
 o - a potion of resistance
 s - a potion of lignification
 v - 3 potions of curing
 z - a potion of berserk rage {unknown}


   Skills:
 - Level 3.0 Fighting
 - Level 7.1 Axes
 + Level 0.9 Ranged Weapons
 - Level 3.0 Armour
 - Level 3.0 Shields


You knew the following spells:

 Your Spells              Type           Power      Damage    Failure   Level
a - Sandblast             Erth           0%         2d4       100%        1
b - Poisonous Vapours     Pois/Air       0%         N/A       100%        2
c - Swiftness             Air            0%         N/A       100%        3
Your spell library was empty.


Dungeon Overview and Level Annotations

Branches:
Dungeon (5/15)
 Temple: D:4-7

Altars:
Makhleb
Nemelex Xobeh
Okawaru
Xom

Shops:
D:5 (

Annotations:
D:2 2 exclusions, Sigmund
D:5 exclusion: orc priest


Innate Abilities, Weirdness & Mutations

You are immune to sickness and miasma.
You are immune to poison.
Your flesh is very heat resistant. (rF++)
You are vulnerable to cold. (rC-)
You float through the air rather than walking.
You learn spells naturally, not from books.
Your magical power is your life essence.
You have superior vitality. (+4 MHP)


Message History

A water moccasin comes into view.
The teleport trap disappears.
The water moccasin disappears!
The water moccasin moves out of view.
The orc priest shouts!
The orc priest looks braver for a moment.
The +3 sling "Jezeecru" {flame, *Slow rC+ Int+4 SInv} stops flaming.
a - a +0 war axe (weapon)
An ice beast comes into view.
The orc priest calls down the wrath of Beogh upon you.
Pain shoots through your body!
You closely miss the orc priest. The orc priest closely misses you.
You slash the orc priest!
The orc priest is almost dead.
The orc priest invokes the aid of Beogh against you.
Beogh smites you!
You closely miss the orc priest.
The orc priest is almost dead.
The orc priest invokes the aid of Beogh against you.
Pain shoots through your body!
You barely miss the orc priest.
The orc priest is almost dead.
The orc priest miscasts a cantrip.
You hit the orc priest but do no damage.
The orc priest is almost dead.
The orc priest hits you but does no damage.
The ice beast barely misses you.
The orc priest calls down the wrath of Beogh upon you.
Beogh smites you!
* * * LOW HITPOINT WARNING * * *
You slash the orc priest!
You kill the orc priest!
You barely miss the ice beast. You block the ice beast's attack.
Press: ? - help, v - describe, . - travel
Here: an ice beast The floor.
You are confused.
You feel invigorated. The ice beast hits you.
* * * LOW HITPOINT WARNING * * *
The ice beast freezes you!!
You feel a terrible chill!
You die...

##...... ....... ##
#.###.## .......
.#...###.....## .......
.........###...
.......####.#####..##.##
........# .# ##..#.##
........# .# ##...##
......)Y## .# ###.##
#@$# .# #.## ##.# .#
#.## #.##.## ### #.....#
###...### ## #.....#####
#. #...#.....####.
#...........#..
#...#.♣.♣.#...#


You could see an ice beast.

Vanquished Creatures
  A centaur (D:5)
  3 phantoms (D:4)
  A scorpion (D:4)
  A water moccasin zombie (D:4)
  A bullfrog zombie (D:4)
  A crimson imp (D:4)
  2 hounds (D:4)
  A jelly (D:5)
  An orc priest (D:5)
  2 iguanas
  An orc wizard (D:4)
  An adder (D:5)
  2 adder zombies (D:4)
  2 dart slugs (D:1)
  An orc (D:5)
  4 endoplasms
  3 giant cockroaches
  7 goblins
  9 hobgoblins
  8 jackals
  5 kobolds
  3 quokkas
  8 ball pythons
  6 bats
  2 frilled lizards
  6 rats
82 creatures vanquished.

Notes
Turn   | Place    | Note
-------+----------+-------------------------------------------
     0 | D:1      | Klatu the Djinni Fighter began the quest for the Orb.
     0 | D:1      | Reached XP level 1. HP: 20/20 MP: 0/0
    79 | D:1      | Reached skill level 2 in Axes
    81 | D:1      | Reached XP level 2. HP: 25/25 MP: 0/0
   274 | D:1      | Reached XP level 3. HP: 30/30 MP: 0/0
   274 | D:1      | Learned a level 1 spell: Sandblast
   357 | D:1      | Reached skill level 3 in Axes
  1061 | D:2      | Reached XP level 4. HP: 35/35 MP: 0/0
  1138 | D:2      | Noticed Sigmund
  1447 | D:3      | Found a faded altar of an unknown god.
  2220 | D:4      | Reached skill level 4 in Axes
  2220 | D:4      | Reached XP level 5. HP: 38/40 MP: 0/0
  2220 | D:4      | Learned a level 2 spell: Poisonous Vapours
  2253 | D:4      | Noticed a phantom
  2433 | D:4      | Upgraded the game from 0.30.0-15-g856e2d3f33 to
                  | 0.30.0-16-gbe6223bb7e
  2736 | D:4      | Noticed a phantom
  3035 | D:4      | Killed a phantom
  3036 | D:4      | Reached XP level 6. HP: 40/46 MP: 0/0
  3050 | D:4      | Reached skill level 5 in Axes
  3116 | D:4      | Found a burning altar of Makhleb.
  3116 | D:4      | Found a shimmering altar of Xom.
  3160 | D:5      | Entered Level 5 of the Dungeon
  3204 | D:4      | Reached XP level 7. HP: 39/50 MP: 0/0
  3204 | D:4      | Learned a level 3 spell: Swiftness
  3344 | D:4      | Reached skill level 6 in Axes
  3600 | D:5      | Reached skill level 7 in Axes
  3600 | D:5      | Reached XP level 8. HP: 29/56 MP: 0/0
  3713 | D:5      | Found a sparkling altar of Nemelex Xobeh.
  3749 | D:5      | Found Lianoqus's Antique Weapon Shoppe.
  3754 | D:5      | Bought a translucent sling for 175 gold pieces
  3754 | D:5      | Identified the +3 sling "Jezeecru" {flame, *Slow rC+ Int+4
                  | SInv} (You bought it in a shop on level 5 of the Dungeon)
  3842 | D:5      | Found an iron altar of Okawaru.
  3884 | D:5      | Slain by an ice beast

Illustrated notes

Levels and vault maps discovered:
D:1:      mrwooster_arrival_statue_2, layout_basic, minmay_vboxes
D:2:      layout_basic, uniq_sigmund
D:3:      layout_rooms, dreamdust_ecumenical_altar_hidden_monk_grotto
D:4:      layout_loops_ring, grunt_temple_overflow_champion_of_chaos,
          serial_undead, serial_undead_e, serial_undead_b, serial_undead_b,
          serial_undead_d, chequers_serial_rivers_small_3
D:5:      minmay_inner_zag, layout_rooms, mainiacjoe_overflow_six_doors_small,
          lemuel_round_altar, okawaru_trees_1, serial_shops,
          kennysheep_little_box

Skill      XL: |  1  2  3  4  5  6  7 |
---------------+----------------------+-----
Axes           | 2 3 4 5 7 |  7.1
Fighting       | |  3.0
Ranged Weapons | |  0.9
Armour         | |  3.0
Shields        | |  3.0

Action                     |  1- 3 |  4- 6 |  7- 9 || total
---------------------------+-------+-------+-------++-------
  Melee: War axe           |    81 |   152 |    50 ||   283
   Fire: Sling             |       |       |     2 ||     2
    Use: Scroll            |       |     5 |       ||     5
         Potion            |       |       |     1 ||     1
 Armour: Scale mail        |    28 |    19 |       ||    47
         Plate armour      |       |    69 |    34 ||   103
  Dodge: Dodged            |    25 |    52 |    21 ||    98
  Block: Buckler           |    19 |    36 |    10 ||    65
